 Dungeon Crawl Stone Soup version 0.26.1-11-gd32895ea62 (webtiles) character file.

Game seed: 11874311899446106747

141 Jerry the Insei (level 5, -3/34 HPs)
             Began as an Octopode Transmuter on June 22, 2021.
             Killed from afar by an orc wizard (6 damage)
             ... with a magic dart
             ... on level 3 of the Dungeon.
             The game lasted 00:05:51 (1955 turns).

Jerry the Insei (Octopode Transmuter)               Turns: 1955, Time: 00:05:52

Health: -3/34      AC:  1    Str: 10    XL:     5   Next: 24%
Magic:  8/8        EV: 18    Int: 15    God:
Gold:   78         SH:  0    Dex: 13    Spells: 7/8 levels left

rFire    x . .     SeeInvis .     - Unarmed
rCold    + + .     Faith    .   (no shield)
rNeg     . . .     Spirit   .   (helmet restricted)
rPois    .         Reflect  .   t - amulet of regeneration (curse)
rElec    .         Harm     .   l - ring of ice
rCorr    .         Rampage  .   o - +4 ring of evasion
Will     .....                  u - ring of protection from cold
Stlth    +++.......             (no ring)
HPRegen  0.51/turn              (no ring)
MPRegen  0.11/turn              (no ring)
                                (no ring)
                                (no ring)

@: no status effects
A: almost no armour, stealthy swim, amphibious, 8 rings, constrict 8, camouflage
1, gelatinous body 1
a: no special abilities


You were on level 3 of the Dungeon.
You visited 1 branch of the dungeon, and saw 3 of its levels.

You collected 78 gold pieces.

Inventory:

Missiles
 e - 6 atropa-tipped darts
Jewellery
 l - a ring of ice (left tentacle)
 o - a +4 ring of evasion (right tentacle)
 t - a cursed amulet of regeneration (around mantle)
 u - a ring of protection from cold (on tentacle)
Scrolls
 a - a scroll of teleportation
 f - 3 scrolls of identify
 i - 2 scrolls of immolation {unknown}
 m - a scroll of amnesia {unknown}
 q - a scroll of blinking {unknown}
 r - 2 scrolls of enchant armour {unknown}
 s - a scroll of enchant weapon
Potions
 b - a potion of lignification {unknown}
 c - 2 potions of heal wounds {unknown}
 d - a potion of attraction {unknown}
 g - a potion of berserk rage {unknown}
 h - a potion of curing
 j - a potion of flight {unknown}
 k - a potion of degeneration {unknown}
 n - a potion of brilliance {unknown}
 p - a potion of mutation {unknown}


   Skills:
 + Level 2.2 Fighting
 + Level 2.9 Dodging
 + Level 2.7 Stealth
 * Level 4.3 Unarmed Combat
 - Level 2.0 Spellcasting
 - Level 2.0 Transmutations


You had 7 spell levels left.
You knew the following spells:

 Your Spells              Type           Power        Failure   Level
a - Beastly Appendage     Tmut           14%          10%         1

Your spell library contained the following spells:

 Spells                   Type           Power        Failure   Level
 Wereblood                Tmut           7%           14%         2
 Spider Form              Tmut/Pois      2%           41%         3
 Ice Form                 Ice/Tmut       6%           82%         4
 Blade Hands              Tmut           3%           95%         5


Dungeon Overview and Level Annotations

Branches:
Dungeon (3/15)

Altars:
Okawaru
Ru
Trog
Uskayaw

Annotations:
D:3 Sigmund


Innate Abilities, Weirdness & Mutations

You cannot wear most types of armour.
You are very stealthy in the water. (Stealth+)
You are amphibious.
You can wear up to eight rings at the same time.
You can use your tentacles to constrict eight enemies at once.
Your skin changes colour to match your surroundings (Stealth+).
Your rubbery body absorbs attacks. (AC +1, EV +1)


Message History

You tentacle-slap the kobold.
You kill the kobold!
You hear some strange, mumbled words.
A puff of flame appears from out of thin air!
The puff of flame hits you! The fire burns you terribly!
The orc priest begins to cast a cantrip, but forgets the words!
A magic dart appears from out of thin air!
The magic dart hits you.
* * * LOW HITPOINT WARNING * * *
You are too confused!
It was a potion of curing.
You feel better.
The orc priest hits you with a +0 hand axe.
The orc priest hits you with a +0 hand axe!
* * * LOW HITPOINT WARNING * * *
A magic dart appears from out of thin air!
The magic dart hits you.
* * * LOW HITPOINT WARNING * * *
A magic dart appears from out of thin air!
The magic dart hits you.
You die...

#..#.......#....# ###...<.......
##.#.......##...>##...###.......
# #......)####...#.# # ##......
..........# #..$..# #....<.
##.#...##.###.....#####.......
...##....(.....#.##....##....
.#.#.....o.o...........######
...)..o.####.....<..##
.....##.{..@...####..#### #....
#(oo.#....####....##
.......##............##.†###
###.##...........###.###.##.
..........(......##....
###...........#.#..####.
.##.......#.#......... ..
#.................#.
#.................#.


You could see an orc priest and 2 orcs.

Vanquished Creatures
  An orc wizard (D:1)
  Terence (D:2)
  4 adders
  2 worms (D:1)
  4 leopard geckos (D:2)
  An orc (D:3)
  7 bats
  2 giant cockroaches
  7 goblins
  3 hobgoblins (D:2)
  A frilled lizard (D:2)
  5 kobolds
  4 rats
42 creatures vanquished.

Notes
Turn   | Place    | Note
-------+----------+-------------------------------------------
     0 | D:1      | Jerry the Octopode Transmuter began the quest for the Orb.
     0 | D:1      | Reached XP level 1. HP: 13/13 MP: 3/3
   479 | D:1      | Reached XP level 2. HP: 18/18 MP: 5/5
   699 | D:1      | Reached skill level 1 in Stealth
   927 | D:2      | Noticed Terence
   942 | D:2      | Killed Terence
   943 | D:2      | Reached XP level 3. HP: 17/24 MP: 4/6
  1293 | D:2      | Found a sacrificial altar of Ru.
  1303 | D:1      | Reached XP level 4. HP: 21/29 MP: 7/7
  1432 | D:2      | Reached skill level 4 in Unarmed Combat
  1499 | D:2      | Found a bloodstained altar of Trog.
  1530 | D:2      | Found an iron altar of Okawaru.
  1530 | D:2      | Found a hide-covered altar of Uskayaw.
  1691 | D:3      | Noticed Sigmund
  1813 | D:3      | Reached XP level 5. HP: 34/34 MP: 8/8
  1955 | D:3      | Killed from afar by an orc wizard

Illustrated notes

Levels and vault maps discovered:
D:1:      tarquinn_simple_flora_water_b, layout_rooms, nrook_mini_backslash,
          minmay_misc_feat_plants
D:2:      layout_rooms, gammafunk_temple_overflow_pools, bloody_trog,
          nicolae_ru_great_annihilating_truth, uniq_terence
D:3:      layout_rooms, kennysheep_generic_room_9, uniq_sigmund

Skill      XL: |  1  2  3  4 |
---------------+-------------+-----
Stealth        | 1 2 |  2.7
Fighting       | 2 |  2.2
Unarmed Combat | 4 |  4.3
Dodging        | |  2.9
Spellcasting   | |  2.0
Transmutations | |  2.0

Action                   |  1- 3 |  4- 6 || total
-------------------------+-------+-------++-------
Melee: Unarmed           |    60 |    59 ||   119
       Constrict         |    14 |    14 ||    28
       Tentacles         |    10 |    10 ||    20
       Punch             |     2 |       ||     2
       Kick              |     4 |       ||     4
 Cast: Beastly Appendage |     1 |       ||     1
  Use: Scroll            |       |     4 ||     4
       Potion            |       |     1 ||     1
 Stab: Sleeping          |     3 |     3 ||     6
       Paralysed         |       |     2 ||     2
Armor: Skin              |     7 |     6 ||    13
Dodge: Dodged            |    38 |    49 ||    87
